 Dungeon Crawl Stone Soup version 0.24.0-13-gcf9b3192b9 (webtiles) character file.

Game seed: 5221928670312326498, levelgen mode: deterministic

71 bl3nd3r the Chopper (level 4, 0/39 HPs)
             Began as a Minotaur Berserker on Nov 10, 2019.
             Was a Believer of Trog.
             Succumbed to kobold's curare-tipped dart
             ... on level 3 of the Dungeon.
             The game lasted 00:02:20 (1755 turns).

bl3nd3r the Chopper (Minotaur Berserker)            Turns: 1755, Time: 00:02:20

Health: 0/39       AC:  6    Str: 22    XL:     4   Next: 5%
Magic:  3/3        EV: 12    Int:  4    God:    Trog [**....]
Gold:   98         SH:  0    Dex: 10    Spells: 3/3 levels left

rFire    . . .     SeeInvis +   a - +0 hand axe
rCold    . . .     Gourm    .   (no shield)
rNeg     . . .     Faith    .   h - +0 leather armour
rPois    .         Spirit   .   (helmet restricted)
rElec    .         Reflect  .   e - +0 cloak
rCorr    .         Harm     .   (no gloves)
MR       .....                  p - +1 pair of boots
Stlth    +.........             (no amulet)
HPRegen  0.13/turn              d - ring of see invisible
MPRegen  0.08/turn              q - ring of flight

@: lethally poisoned (0 -> -30), slowed, very slow
A: retaliatory headbutt, horns 2
a: Berserk, Trog's Hand, Renounce Religion, Evoke Flight


You were on level 3 of the Dungeon.
You worshipped Trog.
Trog was pleased with you.
You were hungry.

You visited 1 branch of the dungeon, and saw 3 of its levels.

You collected 98 gold pieces.

Inventory:

Hand Weapons
 a - a +0 hand axe (weapon)
Armour
 e - a +0 cloak (worn)
 g - a +0 pair of boots
 h - a +0 leather armour (worn)
 p - a +1 pair of boots (worn)
Jewellery
 d - a ring of see invisible (left hand)
 q - a ring of flight (right hand)
Scrolls
 f - a scroll of fog {unknown}
 i - 5 scrolls of identify {unknown}
 m - a scroll of magic mapping {unknown}
 n - 2 scrolls of teleportation {unknown}
Potions
 b - a potion of resistance {unknown}
 j - a potion of lignification {unknown}
 k - a potion of magic {unknown}
Comestibles
 c - 2 rations


   Skills:
 - Level 3.6 Fighting
 * Level 6.0 Axes
 - Level 2.4 Armour
 - Level 2.1 Dodging


You had 3 spell levels left.
You didn't know any spells.
Your spell library was empty.

Dungeon Overview and Level Annotations

Branches:
Dungeon (3/15)

Altars:


Innate Abilities, Weirdness & Mutations

You reflexively headbutt those who attack you in melee.
You have a pair of horns on your head.


Message History

You have difficulty breathing.
You feel as though you will be slow longer.
You see here 2 curare-tipped darts.
You are too injured to fight recklessly!
You are too injured to fight recklessly!
You are too injured to fight recklessly!
You are too injured to fight recklessly!
* * * LOW HITPOINT WARNING * * *
You feel very sick.
You barely miss the kobold.
You headbutt the kobold, but do no damage.
* * * LOW HITPOINT WARNING * * *
You feel very sick.
The kobold hits you with a +0 short sword.
* * * LOW HITPOINT WARNING * * *
The kobold hits you but does no damage.
You slash the kobold!
You kill the kobold!
Trog accepts your kill.
You die...

## #..
#.########+#+###
#.......@)......
######......(........
#.......(..!.......).
#.......(.......$....
#....................
######'########+#....
#...............#####
#..........#######
#................#


There were no monsters in sight!

Vanquished Creatures
  4 adders (D:2)
  2 worms (D:2)
  2 dart slugs (D:1)
  A leopard gecko (D:1)
  4 bats
  A giant cockroach (D:2)
  3 hobgoblins
  3 kobolds
  A quokka (D:3)
  2 frilled lizards (D:2)
  6 rats
29 creatures vanquished.

Notes
Turn   | Place    | Note
-------+----------+-------------------------------------------
     0 | D:1      | bl3nd3r the Minotaur Berserker began the quest for the Orb.
     0 | D:1      | Reached XP level 1. HP: 19/19 MP: 0/0
   189 | D:1      | Reached skill level 4 in Axes
   291 | D:1      | Reached XP level 2. HP: 26/26 MP: 1/1
   924 | D:2      | Reached skill level 5 in Axes
  1136 | D:2      | Reached XP level 3. HP: 27/31 MP: 2/2
  1594 | D:2      | Reached ** piety under Trog
  1594 | D:2      | Reached skill level 6 in Axes
  1594 | D:2      | Reached XP level 4. HP: 33/39 MP: 3/3
  1755 | D:3      | Succumbed to kobold's curare-tipped dart

Levels and vault maps discovered:
D:1:      minmay_arrival_arboretum_small, layout_basic
D:2:      layout_basic, eino_curves_04
D:3:      minmay_spotlight, layout_basic, uniq_robin

Skill      XL: |  1  2  3 |
---------------+----------+-----
Axes           | 4 5 6 |  6.0
Fighting       | |  3.6
Armour         | |  2.4
Dodging        | |  2.1

Action                   |  1- 3 |  4- 6 || total
-------------------------+-------+-------++-------
Melee: Hand axe          |    64 |     6 ||    70
       Headbutt          |     9 |     2 ||    11
  Eat: Chunk             |     2 |       ||     2
Armor: Animal skin       |     1 |       ||     1
       Leather armour    |    17 |     1 ||    18
Dodge: Dodged            |    41 |     5 ||    46
